 Dungeon Crawl Stone Soup version 0.17-a0-288-gaf424a4 (webtiles) character file.

7 xeno23 the Digger (level 2, -1/15 HPs)
             Began as a Gargoyle Earth Elementalist on Mar 30, 2015.
             Slain by a giant gecko (3 damage)
             ... on level 1 of the Dungeon.
             The game lasted 00:02:59 (752 turns).

xeno23 the Digger (Gargoyle Earth Elementalist)      Turns: 752, Time: 00:02:59

Health: -1/15      AC:  4    Str: 11    XL:     2   Next: 4%
Magic:  0/3        EV: 12    Int: 15    God:
Gold:   7          SH:  0    Dex: 10    Spells: 1 memorised, 4 levels left

rFire  . . .     SeeInvis .     j - +0 club
rCold  . . .     Clarity  .     c - +0 robe
rNeg   + . .     SustAb   .     (no shield)
rPois  ∞         Gourm    .     (no helmet)
rElec  +         Spirit   .     (no cloak)
rCorr  .         Warding  .     (no gloves)
rMut   .         Stasis   .     (no boots)
MR     .....                    (no amulet)
Stlth  ++........               (no ring)
                                (no ring)

@: not resistant to hostile enchantments, unstealthy
A: negative energy resistance 1, electricity resistance, unbreathing,
petrification resistance, rot immunity, AC +2
a: no special abilities


You were on level 1 of the Dungeon.
You were not hungry.

You visited 1 branch of the dungeon, and saw 1 of its levels.

You collected 7 gold pieces.

Inventory:

Hand weapons
 j - a +0 club (weapon)
Missiles
 b - 43 stones (quivered)
Armour
 c - a +0 robe (worn)
 e - a +0 leather armour
Scrolls
 g - a scroll of recharging {unknown}
 i - a scroll of immolation {unknown}
 k - a scroll of random uselessness {unknown}
Potions
 f - a potion of lignification {unknown}
Books
 d - a book of Geomancy

   Spells                             Type                      Level
   a - Sandblast                      Earth                        1
   b - Stoneskin                      Transmutation/Earth          2
   c - Passwall                       Transmutation/Earth          3
   d - Stone Arrow                    Conjuration/Earth            3
   e - Petrify                        Transmutation/Earth          4
   f - Lee's Rapid Deconstruction     Earth                        5
Comestibles
 a - a bread ration
 h - a meat ration


   Skills:
 - Level 1.5 Dodging
 - Level 2.1 Stealth
 - Level 2.0 Spellcasting
   Level 0.7 Transmutations
 + Level 4.3 Earth Magic


You had 4 spell levels left.
You knew the following spells:

 Your Spells              Type           Power        Failure   Level  Hunger
a - Sandblast             Erth           ##....       4%          1    #......


Dungeon Overview and Level Annotations

Branches:
Dungeon (1/15)

Altars:


Innate Abilities, Weirdness & Mutations

You are resistant to torment.
You are immune to poison.
Your stone body is very resilient (AC +2).
You resist negative energy.
You are resistant to electric shocks.
You can survive without breathing.
You are immune to petrification.
You are immune to rotting.


Message History

Confirm with . or Enter, or press ? or * to list all spells.
Aiming: Sandblast
Press: ? - help, Shift-Dir - straight line, f/p - giant gecko
Aim: a giant gecko (clinging)
The blast of sand hits the giant gecko.
The giant gecko bites you.
* * * LOW HITPOINT WARNING * * *
The giant gecko barely misses you. The giant gecko bites you.
* * * LOW HITPOINT WARNING * * *
You take 1 damage.
Your magical contamination has completely faded away.
Casting: Sandblast
Confirm with . or Enter, or press ? or * to list all spells.
Aiming: Sandblast
Press: ? - help, Shift-Dir - straight line, f/p - giant gecko
Aim: a giant gecko (clinging)
The blast of sand misses the giant gecko.
The giant gecko barely misses you. The giant gecko closely misses you.
The giant gecko bites you.
You die...

..................#####.#
##.#####.#######..#####.#########
...........(...............>.....
##.#########.#.##.###############
#.# #....#..#.#..#...#...#...#..
#.###.##.#..#.#..#...'...'...'.⌠
##................#...#...#...#..
.....#.##.##.#.##.##'###########'
.....#.#.......l@.#...#...#...#..
.....#.#######.##.#...#.<.'.⌠.#.⌠
######............#...#...#...#..
# ########.###.##'###'#######' ..
....#.#...#...#...#.. .
##.#.#.#...#...'...'.⌠
#...#.#...#...#...#.. ###
#.##'############ #.#...#...#


You could see a giant gecko.

Vanquished Creatures
  A hobgoblin (D:1)
  A bat (D:1)
  A giant cockroach (D:1)
  2 giant newts (D:1)
  2 goblins (D:1)
  3 rats (D:1)
10 creatures vanquished.

Notes
Turn   | Place    | Note
--------------------------------------------------------------
     0 | D:1      | xeno23, the Gargoyle Earth Elementalist, began the quest for the Orb.
     0 | D:1      | Reached XP level 1. HP: 10/10 MP: 2/2
   280 | D:1      | Reached skill level 4 in Earth Magic
   475 | D:1      | Reached XP level 2. HP: 4/15 MP: 0/3
   752 | D:1      | Slain by a giant gecko

Action                   || total
-------------------------++-------
Melee: Unarmed           ||    36
       Club              ||     3
 Cast: Sandblast         ||    14
